 Dungeon Crawl Stone Soup version 0.26.1-2-gb8aa6d0cf2 (webtiles) character file.

Game seed: 1440274543312107123

67 promet the Ogre Mage (level 4, -6/39 HPs)
             Began as an Ogre Hedge Wizard on Feb 16, 2021.
             Shot with an arrow by a centaur (8 damage)
             ... on level 2 of the Dungeon.
             The game lasted 00:09:26 (2259 turns).

promet the Ogre Mage (Ogre Hedge Wizard)            Turns: 2259, Time: 00:09:29

Health: -6/39      AC:  3    Str: 14    XL:     4   Next: 16%
Magic:  1/10       EV: 10    Int: 16    God:
Gold:   90         SH:  0    Dex:  8    Spells: 7/12 levels left

rFire    . . .     SeeInvis .   m - +0 spear
rCold    . . .     Faith    .   (no shield)
rNeg     . . .     Spirit   .   b - +0 robe
rPois    .         Reflect  .   c - +0 hat
rElec    .         Harm     .   (no cloak)
rCorr    .         Rampage  .   (gloves unavailable)
Will     .....                  (boots unavailable)
Stlth    +.........             (no amulet)
HPRegen  0.13/turn              (no ring)
MPRegen  0.12/turn              (no ring)

@: no status effects
A: large, unfitting armour, tough skin 1
a: no special abilities


You were on level 2 of the Dungeon.
You visited 1 branch of the dungeon, and saw 2 of its levels.

You collected 90 gold pieces.

Inventory:

Hand Weapons
 a - a +0 dagger
 m - a +0 spear (weapon)
Missiles
 e - 58 stones (quivered)
 f - 5 boomerangs
 j - 15 poisoned darts
 n - 18 bolts
Armour
 b - a +0 robe (worn)
 c - a +0 hat (worn)
Potions
 i - a potion of lignification
 k - a potion of heal wounds {unknown}


   Skills:
 + Level 2.3 Dodging
 + Level 1.6 Stealth
 + Level 4.9 Spellcasting
 + Level 1.1 Conjurations
 + Level 1.0 Summonings
 + Level 0.8 Translocations


You had 7 spell levels left.
You knew the following spells:

 Your Spells              Type           Power        Failure   Level
a - Magic Dart            Conj           28%          10%         1
b - Blink                 Tloc           N/A          16%         2
c - Call Imp              Summ           7%           16%         2

Your spell library contained the following spells:

 Spells                   Type           Power        Failure   Level
 Slow                     Hex            3%           24%         2
 Conjure Flame            Conj/Fire      5%           36%         3
 Mephitic Cloud           Conj/Pois/Air  5%           36%         3


Dungeon Overview and Level Annotations

Branches:
Dungeon (2/15)

Altars:


Innate Abilities, Weirdness & Mutations

You are too large for most types of armour.
You have tough skin. (AC +1)


Message History

The centaur shoots an arrow.
The arrow closely misses you. The arrow hits your shadow imp!
Your shadow imp dies!
Casting: Call Imp (safe; 16% risk of failure)
Confirm with . or Enter, or press ? or * to list all spells.
A beastly little devil appears in a puff of frigid air.
The centaur shoots an arrow.
The arrow hits your white imp! What are your orders? t - Shout!
Orders for allies: a - Attack new target. p - Attack previous target. r - Retreat! s - Stop attacking. g - Guard the area. f - Follow me.
Anything else - Cancel.
Gang up on whom?
Press: ? - help, Dir - move target, f/p - centaur
Aim: a centaur, wielding a +0 shortbow and quivering 14 arrows (lightly wounded) Attack!
The centaur shoots an arrow.
The arrow hits your white imp.
Your white imp dies!
The centaur shoots an arrow.
The arrow hits you!
You die...

.. #.#
#####
.###.#
....#
...# ..#
#c# #.#
#(# #@#
#.# #(#
..# ..#
#..#
....##..#
....##..#
W...#


You could see a centaur.

Vanquished Creatures
  Natasha (D:2)
  A gnoll (D:2)
  A dart slug (D:1)
  A leopard gecko (D:1)
  6 bats (D:1)
  4 goblins
  3 hobgoblins (D:1)
  3 frilled lizards
  A kobold (D:1)
  5 rats
26 creatures vanquished.

Vanquished Creatures (collateral kills)
  A gnoll (D:2)
  A hobgoblin (D:2)
2 creatures vanquished.

Grand Total: 28 creatures vanquished

Notes
Turn   | Place    | Note
-------+----------+-------------------------------------------
     0 | D:1      | promet the Ogre Hedge Wizard began the quest for the Orb.
     0 | D:1      | Reached XP level 1. HP: 16/16 MP: 5/5
   328 | D:1      | Reached skill level 4 in Spellcasting
   328 | D:1      | Reached XP level 2. HP: 24/24 MP: 2/7
   331 | D:1      | Learned a level 2 spell: Blink
   334 | D:1      | Learned a level 2 spell: Call Imp
  1180 | D:1      | Reached XP level 3. HP: 31/31 MP: 8/8
  1604 | D:2      | Noticed Natasha
  1614 | D:2      | Killed Natasha
  1615 | D:2      | Reached skill level 1 in Conjurations
  1740 | D:2      | Noticed a phantom
  1750 | D:2      | Reached XP level 4. HP: 38/39 MP: 10/10
  1753 | D:2      | Reached skill level 1 in Summonings
  2246 | D:2      | Noticed a centaur
  2252 | D:2      | HP: 1/39 [centaur (6)]
  2259 | D:2      | Shot with an arrow by a centaur

Illustrated notes

Levels and vault maps discovered:
D:1:      sevenhm_arrival_forest_fort_small_5, layout_basic
D:2:      layout_basic, chequers_temple_overflow_statue_of_worship, uniq_natasha

Skill      XL: |  1  2  3  4 |
---------------+-------------+-----
Spellcasting   | 4 |  4.9
Dodging        | 2 |  2.3
Conjurations   | 1 |  1.1
Summonings     | 1 |  1.0
Stealth        | |  1.6
Translocations | |  0.8

Action                   |  1- 3 |  4- 6 || total
-------------------------+-------+-------++-------
Melee: Dagger            |    20 |     7 ||    27
       Spear             |       |     9 ||     9
Throw: Large rock        |     3 |     3 ||     6
       Stone             |       |     3 ||     3
 Cast: Magic Dart        |    34 |     8 ||    42
       Call Imp          |     1 |    18 ||    19
  Use: Potion            |     1 |       ||     1
       Scroll            |       |     4 ||     4
 Stab: Sleeping          |     1 |       ||     1
Armor: Robe              |     8 |     4 ||    12
Dodge: Dodged            |    10 |    15 ||    25
